 Dungeon Crawl Stone Soup version 0.22-a0-609-gfedc9ff (webtiles) character file.

464 sking99 the Insei (level 6, -5/51 HPs)
             Began as a Draconian Transmuter on July 10, 2018.
             Was an Initiate of Gozag.
             Slain by a phantom (10 damage)
             ... on level 4 of the Dungeon.
             The game lasted 00:07:11 (4821 turns).

sking99 the Insei (Draconian Transmuter)            Turns: 4821, Time: 00:07:12

Health: -5/51      AC:  7    Str: 12    XL:     6   Next: 80%
Magic:  9/9        EV: 13    Int: 16    God:    Gozag
Gold:   120        SH:  0    Dex: 13    Spells: 6/9 levels left

rFire    . . .     SeeInvis .     - Unarmed
rCold    . . .     Gourm    .   (no shield)
rNeg     . . .     Faith    .   (armour unavailable)
rPois    +         Spirit   .   (helmet restricted)
rElec    .         Reflect  .   (no cloak)
rCorr    .         Harm     .   (no gloves)
MR       .....                  b - +0 pair of boots "Ussial" {+Blink rPois Int+2} (curse)
Stlth    +.........             (no amulet)
HPRegen  0.17/turn              (no ring)
MPRegen  0.11/turn              (no ring)

@: no status effects
A: unfitting armour, cold-blooded, AC +6
a: Potion Petition, Call Merchant, Bribe Branch, Renounce Religion, Evoke Blink


You were on level 4 of the Dungeon.
You worshipped Gozag.
Gozag was aware of your devotion.
You were near starving.

You visited 1 branch of the dungeon, and saw 4 of its levels.

You collected 357 gold pieces.
You spent 218 gold pieces at shops.
You paid 19 gold pieces to Gozag.

Inventory:

Missiles
 a - 44 arrows
Armour
 b - the cursed +0 pair of boots "Ussial" (worn) {+Blink rPois Int+2}
   (You bought it in a shop on level 4 of the Dungeon)

   It affects your intelligence (+2).
   It protects you from poison.
   It lets you blink.
   It has a curse placed upon it.
Jewellery
 f - an uncursed amulet of magic regeneration {unknown}
Scrolls
 m - 2 scrolls of immolation
Potions
 d - a potion of haste {unknown}
 e - 2 potions of ambrosia
 g - 2 potions of might {unknown}
 i - a potion of flight
 j - a potion of heal wounds
 o - a potion of lignification {unknown}
Comestibles
 c - 7 rations


   Skills:
 + Level 3.4 Fighting
 + Level 3.3 Dodging
 * Level 5.5 Unarmed Combat
 - Level 2.0 Spellcasting
 + Level 3.6 Transmutations


You had 6 spell levels left.
You knew the following spells:

 Your Spells              Type           Power        Failure   Level  Hunger
a - Beastly Appendage     Tmut           ##....       4%          1    #......
b - Sticks to Snakes      Tmut           ##......     7%          2    ###....

Your spell library contained the following spells:

 Spells                   Type           Power        Failure   Level  Hunger
 Spider Form              Tmut/Pois      #.........   30%         3    ###....
 Blade Hands              Tmut           ##........   78%         5    ######.
 Ice Form                 Ice/Tmut       #.......     69%         4    #####..


Dungeon Overview and Level Annotations

Branches:
Dungeon (4/15)
 Temple: D:4-7

Altars:
Gozag
Hepliaklqana
Xom

Shops:
D:4 }**[


Innate Abilities, Weirdness & Mutations

Your plain brown scales are hard. (AC +6)
You cannot fit into any form of body armour.
You are cold-blooded and may be slowed by cold attacks.


Message History

You barely miss the iguana. The iguana bites you.
* * * LOW HITPOINT WARNING * * *
You hit the iguana.
The iguana is lightly wounded.
The iguana bites you!
* * * LOW HITPOINT WARNING * * *
You blink.
You feel slightly more hungry.
The orc is distracted by the nearby gold.
The phantom blinks!
The iguana is distracted by the nearby gold.
The centaur skeleton is distracted by the nearby gold.
The iguana is no longer distracted by gold.
The phantom blinks!
You are near starving!
The phantom hits you.
* * * LOW HITPOINT WARNING * * *
The phantom blinks!
The phantom hits you!
You die...
Your body crumbles into a pile of gold.

#.##.# # #♣∩♣....#
.........#.......#########
.....#.#.#.♣.............#
......∩..#...............#
...l.#.###...............#
..o.....#####.##.........#
............#.##.........#
P.P.....###....###..######
P∩P..#### #....@..##### ####
.PP..o#### ###.##W.....##...#
....#.ol.####....l#o.........
..#.####.oZ.#..###...........
###########o#...##...........
#......$..................
########.#.#.........>....
#...#####....##...#
#.....###.#### ####


You could see a phantom, an iguana and an orc.

Vanquished Creatures
  4 crimson imps (D:3)
  A bullfrog skeleton (D:4)
  3 orc priests (D:3)
  An orc wizard (D:3)
  An iguana (D:4)
  8 adders
  3 worms
  2 leopard geckos (D:4)
  6 orcs
  6 giant cockroaches
  9 goblins
  6 hobgoblins
  2 jackals (D:2)
  12 kobolds
  A quokka (D:2)
  A ball python (D:1)
  9 bats
  3 frilled lizards
  7 rats
85 creatures vanquished.

Notes
Turn   | Place    | Note
-------+----------+-------------------------------------------
     0 | D:1      | sking99 the Draconian Transmuter began the quest for the Orb.
     0 | D:1      | Reached XP level 1. HP: 16/16 MP: 3/3
   283 | D:1      | Reached XP level 2. HP: 23/23 MP: 5/5
  1133 | D:2      | Reached XP level 3. HP: 28/29 MP: 4/6
  1137 | D:2      | Learned a level 2 spell: Sticks to Snakes
  1415 | D:2      | Reached XP level 4. HP: 28/36 MP: 5/7
  1992 | D:2      | Reached skill level 4 in Unarmed Combat
  2082 | D:2      | Found an opulent altar of Gozag.
  2095 | D:2      | Became a worshipper of Gozag Ym Sagoz the Greedy
  3189 | D:3      | Reached XP level 5. HP: 37/42 MP: 8/8
  3520 | D:3      | Found a hazy altar of Hepliaklqana.
  3587 | D:3      | HP: 2/44 [orc priest/nerve-wracking pain (8)]
  3973 | D:3      | Found a shimmering altar of Xom.
  4036 | D:3      | Reached skill level 5 in Unarmed Combat
  4036 | D:3      | Reached XP level 6. HP: 49/51 MP: 9/9
  4432 | D:4      | Found Sugh's Gadget Shoppe.
  4442 | D:4      | Found Kikul's Antique Armour Shoppe.
  4458 | D:4      | Bought a pair of scorched boots for 218 gold pieces
  4458 | D:4      | Identified the cursed +0 pair of boots "Ussial" {+Blink rPois Int+2} (You bought it in a shop on level 4 of the Dungeon)
  4733 | D:4      | Found Ische's Assorted Antiques.
  4737 | D:4      | Found Qatzischi's Assorted Antiques.
  4821 | D:4      | Slain by a phantom

Vault maps used:
D:1:      grunt_arrival_lava_bath, hex_large, chequers_big_river
D:2:      nicolae_gozag_seed_capital
D:3:      nicolae_overflow_hidden_temple, led_xom_imps
D:4:      led_sif_pool, serial_shops, nicolae_shop_trees, shop,
          nicolae_shop_crystal, nicolae_shop_window_shopping,
          nicolae_shop_overgrown_old_shop, first_ration,
          kennysheep_generic_room_10

Skill      XL: |  1  2  3  4  5 |
---------------+----------------+-----
Dodging        | 2 3 |  3.3
Fighting       | 2 3 |  3.4
Unarmed Combat | 4 5 |  5.5
Transmutations | 3 |  3.6
Spellcasting   | |  2.0

Action                   |  1- 3 |  4- 6 || total
-------------------------+-------+-------++-------
Melee: Unarmed           |   144 |   345 ||   489
       Tailslap          |     9 |    29 ||    38
       Kick              |     5 |     6 ||    11
       Punch             |       |     5 ||     5
 Cast: Beastly Appendage |     4 |     5 ||     9
       Sticks to Snakes  |       |     1 ||     1
Invok: Potion Petition   |       |     1 ||     1
 Abil: Evoke Blink       |       |     1 ||     1
  Use: Potion            |     1 |     1 ||     2
       Scroll            |       |    14 ||    14
 Stab: Sleeping          |     2 |     1 ||     3
       Invisible         |       |     4 ||     4
  Eat: Chunk             |     2 |     3 ||     5
       Ration            |       |     2 ||     2
Armor: Skin              |    43 |    78 ||   121
Dodge: Dodged            |   107 |   204 ||   311

Table legend:
 A = Spawn XP
 B = Non-spawn XP
 C = Spawn XP percentage of total XP
 D = Spawn monster count
 E = Non-spawn monster count
 F = Spawn count percentage of total count
 G = Total turns spent on level
                    A         B        C        D         E        F      G
               +---------+---------+-------+---------+---------+-------+---------
         Total |       0 |     663 |   0.0 |       0 |      85 |   0.0 |  4821
               +---------+---------+-------+---------+---------+-------+---------
           D:1 |       0 |      35 |   0.0 |       0 |      23 |   0.0 |  1526
           D:2 |       0 |      96 |   0.0 |       0 |      27 |   0.0 |  1254
           D:3 |       0 |     443 |   0.0 |       0 |      28 |   0.0 |  1642
           D:4 |       0 |      89 |   0.0 |       0 |       7 |   0.0 |   399
               +---------+---------+-------+---------+---------+-------+---------
